[Event "FIDE WCCC U12 2018"]
[Site "Santiago de Compostela"]
[Date "2018.11.09"]
[Round "5"]
[White "Akhmedinov, Satbek"]
[Black "Tyurin, Artem"]
[Result "1-0"]
[ECO "B22"]
[WhiteElo "1856"]
[BlackElo "2018"]
[Annotator "NA RC"]
[PlyCount "133"]
[EventDate "2018.11.04"]
[EventType "swiss"]
[EventCountry "ESP"]
[SourceTitle "playchess.com"]
[Source "ChessBase"]
[SourceQuality "1"]
[TimeControl "40/5400+30:1800+30"]

1. e4 c5 2. c3 d5 3. exd5 Qxd5 4. d4 Nf6 5. Nf3 Bg4 6. Be2 e6 7. h3 Bh5 8. Na3 Nc6 9. Be3 cxd4 10. Nb5 $1 Rc8 {[%emt 0:01:04] LiveBook: 15 Games B22: Sicilian: 2 c3} (10... O-O-O 11. Nbxd4 Bc5 12. O-O e5 13. Nf5 Qe4 14. Nd2 Qxf5 15. Bxc5 Bxe2 16. Qxe2 Qd3 17. Qxd3 Rxd3 18. Nc4 {½-½ (18) Pavasovic,D (2601)-Babula,V (2594) Austria 2008}) 11. Nbxd4 Nxd4 12. Bxd4 a6 13. O-O Be7 14. c4 Qd7 15. b3 $146 ({Predecessor:} 15. Ne5 Bxe2 16. Nxd7 Bxd1 17. Nb6 Rc6 18. Raxd1 {0-1 (54) Mammadov,Z (2132)-Golubev,R Vung Tau 2008}) 15... Bc5 16. Bb2 Qe7 17. Ne5 Bxe2 18. Qxe2 O-O 19. Rae1 Rfd8 20. Ng4 Bd4 21. Bc1 Nxg4 22. Qxg4 e5 23. Kh1 g6 24. Qg3 f6 25. Re2 Re8 26. Rfe1 Qb4 27. a3 Qc3 28. Be3 Rcd8 29. Qf3 e4 30. Bd2 Qc2 (30... exf3 $2 {too greedy.} 31. Rxe8+ Rxe8 32. Rxe8+ Kf7 33. Bxc3 $18) ({Better is} 30... Qxf3 $11 31. gxf3 Bb6 32. fxe4 Rd3) 31. Qg3 Be5 32. Bf4 Bxf4 33. Qxf4 Qxb3 34. Rxe4 Rxe4 35. Qxe4 Qxa3 36. Qxb7 Qf8 $2 (36... Qc3 $14 37. Qe7 Rf8) 37. Qxa6 Rc8 (37... Qd6 $14 38. Qb5 Qd2) 38. Rd1 Re8 (38... Rc7 $16 {was necessary.}) 39. Rd6 Kg7 {[%emt 0:00:26] [#]} (39... f5 $142 40. c5 Qe7 41. Qc4+ Kf8) 40. c5 $2 (40. Qa7+ $1 $18 {is the precise move to win.} Re7 41. Qd4) 40... Rc8 $2 (40... Qe7 $16) 41. Qb7+ Kh6 42. Qe4 Rc7 43. Qf4+ Kg7 44. c6 Qe7 45. Qd4 Kf7 46. Qd5+ Kf8 47. Rd8+ (47. Re6 $142 Qf7 48. Qd8+ Kg7 49. Rd6) 47... Kg7 48. g3 f5 49. Kg2 Kh6 50. Qd2+ (50. Rd7 $142 Rxd7 51. cxd7) 50... Qg5 51. Qd6 Rxc6 52. Qf8+ ({And not} 52. Qxc6 Qxd8 53. Qc1+ Kg7 $11) 52... Kh5 53. Qf7 h6 54. Rd4 Rc2 55. Rh4+ Qxh4 56. gxh4 Re2 57. Qd5 Re4 58. Qd1+ (58. Kg3 $142 Rxh4 59. Qd1+ Rg4+ 60. hxg4+ fxg4 61. Qxg4#) 58... Kxh4 59. f3 Rf4 60. Qe1+ Kh5 61. Kg3 Rd4 62. Qe5 (62. f4 $142 Rd3+ 63. Kg2 Rd7 64. h4 g5 65. Qe8+ Kg4 66. Qxd7 gxh4 67. Qd6) 62... Rb4 63. Qc5 Ra4 64. f4 Re4 65. h4 g5 66. hxg5 hxg5 67. Qxf5 1-0

[Event "FIDE WCCC U12 2018"]
[Site "Santiago de Compostela"]
[Date "2018.11.09"]
[Round "5"]
[White "Rusonik, Max"]
[Black "Park, Evan"]
[Result "0-1"]
[ECO "B06"]
[WhiteElo "1814"]
[BlackElo "1997"]
[Annotator "NA RC"]
[PlyCount "60"]
[EventDate "2018.11.04"]
[EventType "swiss"]
[EventCountry "ESP"]
[SourceTitle "playchess.com"]
[Source "ChessBase"]
[SourceQuality "1"]
[TimeControl "40/5400+30:1800+30"]

1. e4 g6 2. d4 Bg7 3. Nc3 d6 4. Be3 a6 5. f4 b5 6. a3 {[%emt 0:01:01] B06: Moderne Verteidigung} (6. Bd3 Nd7 7. e5 c5 8. Nf3 Nh6 9. Be4 Rb8 10. dxc5 dxc5 11. h3 Bb7 12. Bxb7 Rxb7 13. g4 Qc8 {0-1 (39) Hou,Y (2658)-Nakamura,H (2777) chess.com INT 2018}) 6... Nd7 7. Qf3 (7. Be2 $11) 7... Bb7 8. g4 c5 9. Nge2 $146 ({Vorgänger:} 9. d5 e6 10. dxe6 fxe6 11. Nh3 d5 12. exd5 Bxc3+ 13. bxc3 Bxd5 {0-1 (23) Balaskas,P (2074)-Martin Alvarez,I (2321) Rethymno 2010}) 9... Rc8 10. Rd1 (10. d5 $11) 10... b4 11. axb4 cxb4 12. Na2 Rxc2 13. Bh3 Rxb2 14. Nac1 e6 15. O-O Ngf6 16. Ng3 (16. d5 $142 exd5 17. Bd4 dxe4 18. Qe3) 16... Qa8 17. Bg2 Nxe4 18. Nxe4 Rxg2+ 19. Qxg2 Bxe4 20. Qb2 a5 21. Ne2 O-O 22. Ng3 Bf3 23. Ra1 Bxg4 24. Rfc1 Nf6 25. Qa2 Qf3 26. Qf2 Qd5 27. Ra2 b3 28. Ra4 Qb5 29. Rca1 b2 30. Rxa5 $19 bxa1=R+ 0-1

[Event "FIDE WCCC U12 2018"]
[Site "Santiago de Compostela"]
[Date "2018.11.09"]
[Round "5"]
[White "Klimkowski, Jan"]
[Black "Hommer, Jeremy"]
[Result "1/2-1/2"]
[ECO "B13"]
[WhiteElo "1810"]
[BlackElo "1987"]
[Annotator "NA RC"]
[PlyCount "106"]
[EventDate "2018.11.04"]
[EventType "swiss"]
[EventCountry "ESP"]
[SourceTitle "playchess.com"]
[Source "ChessBase"]
[SourceQuality "1"]
[TimeControl "40/5400+30:1800+30"]

1. e4 c6 2. d4 d5 3. exd5 cxd5 4. c4 Nf6 5. Nc3 Nc6 6. Bg5 e6 7. c5 Be7 8. Nf3 O-O 9. Bb5 Ne4 10. Bxe7 Nxe7 11. O-O {[%emt 0:01:21] B14: Caro-Kann: Panov-Botvinnik Attack with 5...e6 and 5...g6} (11. Rc1 b6 12. c6 Qd6 13. O-O a6 14. Bd3 Nxc6 15. Nxe4 dxe4 16. Bxe4 Bb7 17. d5 exd5 18. Qxd5 Rad8 19. Rxc6 Qxd5 20. Bxd5 {½-½ (33) Naiditsch,A (2712)-Rodshtein,M (2645) Porto Carras 2011}) 11... Nxc3 12. bxc3 {[%emt 0:00:06] LiveBook: 6 Games} Qa5 13. Qa4 Qxa4 14. Bxa4 b6 $146 ({Predecessor:} 14... f6 15. Rfe1 Rd8 16. Rab1 Kf7 17. Rb2 a5 18. Rb6 Ra7 {1-0 (40) Gratze,M (2006)-Horyna,J (1875) Teplice 2013}) 15. cxb6 axb6 16. Bb5 Ba6 17. Rfb1 Rfc8 18. Bxa6 Rxa6 19. Rb3 Rca8 20. g3 f6 21. a4 Kf7 22. Nd2 Rxa4 23. Rxa4 Rxa4 24. Rxb6 Ra1+ 25. Rb1 Rxb1+ 26. Nxb1 e5 27. Nd2 Ke6 28. f3 Nf5 29. Kf2 Nd6 30. Ke3 g5 31. g4 f5 32. Nb3 f4+ 33. Ke2 e4 $1 34. Nc5+ Ke7 35. Kf2 e3+ 36. Ke2 Nb5 37. Kd3 Nc7 38. c4 dxc4+ 39. Kxc4 Ne6 40. Nd3 Kd6 41. Nb4 Nc7 42. Nd3 Nd5 43. Ne1 Nb6+ 44. Kd3 Ke6 45. h4 h6 46. hxg5 hxg5 47. Nc2 Na4 48. Ke4 Nc3+ 49. Kd3 Nd1 50. Ke2 Nf2 51. Nb4 Kd6 52. Ke1 Nh3 53. Kf1 $15 Nf2 1/2-1/2

[Event "FIDE WCCC U12 2018"]
[Site "Santiago de Compostela"]
[Date "2018.11.09"]
[Round "5"]
[White "Del Prado Rodriguez, Xulio"]
[Black "Anghel, Iulian-Mihai"]
[Result "1/2-1/2"]
[ECO "A05"]
[WhiteElo "1734"]
[BlackElo "1981"]
[Annotator "NA RC"]
[PlyCount "86"]
[EventDate "2018.11.04"]
[EventType "swiss"]
[EventCountry "ESP"]
[SourceTitle "playchess.com"]
[Source "ChessBase"]
[SourceQuality "1"]
[TimeControl "40/5400+30:1800+30"]

1. Nf3 Nf6 2. c4 e6 3. g3 d5 4. d4 Bb4+ 5. Bd2 Bxd2+ 6. Nbxd2 O-O 7. Bg2 b6 8. O-O {[%emt 0:07:36] E11: Damenindisch (Bogoljubow-Variante)} Bb7 {[%emt 0:00:40] LiveBook: 17 Games} 9. Qc2 (9. cxd5 Bxd5 10. Re1 Nbd7 11. e4 Bb7 12. e5 Nd5 13. Ne4 h6 14. Rc1 Qe7 15. a3 a5 {½-½ (41) Nakamura,H (2778)-Giri,A (2696) Biel 2012}) 9... Na6 10. Rfd1 $146 ({Vorgänger:} 10. Ne5 Nd7 11. Ndf3 Nxe5 12. Nxe5 f6 13. Nd3 c6 14. b4 Nc7 15. c5 Nb5 16. Qb2 {0-1 (78) Hesse,H (2184)-Reindl,A (2013) Willingen 2017}) 10... Rc8 11. Rac1 Qe7 12. Qb1 Rfd8 13. e3 c5 14. cxd5 Nxd5 15. Ne4 h6 16. dxc5 Nxc5 17. Nxc5 bxc5 18. Nd2 Nb4 19. Nc4 Bxg2 20. Kxg2 Qb7+ 21. Kg1 Qa6 22. Rxd8+ Rxd8 23. a3 Nd5 24. Qc2 Nb6 25. h3 Qb7 26. b3 Rd5 27. h4 Qc8 28. Qe2 Qd8 29. Qf3 Rf5 30. Qe4 Nxc4 31. Qxc4 Qd2 32. Rf1 Rd5 33. Qb5 g6 34. Qb8+ Kg7 35. Qxa7 Qb2 36. Qa4 Rd3 37. Qb5 Rxb3 38. Qxc5 Rxa3 39. Qc6 Ra1 40. Rxa1 Qxa1+ 41. Kg2 Qf6 42. Qe4 h5 43. Qc6 Qe5 $11 1/2-1/2

[Event "FIDE WCCC U12 2018"]
[Site "Santiago de Compostela"]
[Date "2018.11.10"]
[Round "6"]
[White "Kostolansky, Sebastian Lukas"]
[Black "Revaliente Montoya, Ciro"]
[Result "1-0"]
[ECO "B50"]
[WhiteElo "2323"]
[BlackElo "1961"]
[Annotator "ChessBase"]
[PlyCount "69"]
[EventDate "2018.11.04"]
[EventType "swiss"]
[EventCountry "ESP"]
[SourceTitle "playchess.com"]
[Source "ChessBase"]
[SourceQuality "1"]
[TimeControl "40/5400+30:1800+30"]

1. e4 c5 2. Nf3 d6 3. c3 Nf6 4. Be2 Nc6 5. d4 cxd4 6. cxd4 Bd7 7. Nc3 g6 8. d5 Nb8 9. Be3 Bg7 10. O-O O-O 11. Qb3 Bc8 12. Rac1 Nbd7 13. h3 a6 14. Nd4 Re8 15. Rfd1 Nc5 16. Qc2 a5 17. f4 Nfd7 18. Bb5 Rf8 19. a3 Na6 20. Na4 Ndc5 21. Nxc5 Nxc5 22. e5 a4 23. Qe2 Bd7 24. Bc4 Rc8 25. e6 fxe6 26. dxe6 Bc6 27. Nxc6 Rxc6 28. Bb5 Nb3 29. Rxc6 bxc6 30. Bxa4 Qb8 31. Bxc6 Na5 32. Bd5 Qxb2 33. Qxb2 Bxb2 34. Rb1 Bxa3 35. Rb5 1-0

[Event "FIDE WCCC U12 2018"]
[Site "Santiago de Compostela"]
[Date "2018.11.10"]
[Round "6"]
[White "Wang, Jason"]
[Black "Thomforde-Toates, Noah"]
[Result "1-0"]
[ECO "E12"]
[WhiteElo "2229"]
[BlackElo "1970"]
[Annotator "ChessBase"]
[PlyCount "101"]
[EventDate "2018.11.04"]
[EventType "swiss"]
[EventCountry "ESP"]
[SourceTitle "playchess.com"]
[Source "ChessBase"]
[SourceQuality "1"]
[TimeControl "40/5400+30:1800+30"]

1. d4 Nf6 2. c4 e6 3. Nf3 b6 4. a3 Bb7 5. Nc3 Be7 6. d5 exd5 7. cxd5 O-O 8. e4 d6 9. Bd3 Nbd7 10. O-O Ng4 11. Nd4 Nge5 12. Be2 Bf6 13. Be3 Re8 14. Qc2 a6 15. Rad1 Qe7 16. f4 Ng6 17. b4 Rac8 18. Nc6 Bxc6 19. dxc6 Nb8 20. Bg4 Rcd8 21. Nd5 Qxe4 22. Qxe4 Rxe4 23. Bxb6 Nxc6 24. Bxc7 Rf8 25. Bf3 Rc4 26. Nxf6+ gxf6 27. Bxd6 Rd8 28. Bd5 Rd4 29. Bxc6 R8xd6 30. Rxd4 Rxd4 31. g3 Ne7 32. Bb7 Rd3 33. Ra1 Rd6 34. Rc1 Kf8 35. Rc5 Ke8 36. Ra5 Rd2 37. Rxa6 Nf5 38. Rxf6 Ne3 39. Bf3 Nc2 40. Ra6 Nd4 41. Bb7 Rb2 42. Ra5 Ke7 43. Re5+ Kf6 44. Rc5 Kg7 45. Bd5 f5 46. Rc4 Nc2 47. Rc3 Nd4 48. Rd3 Nc2 49. Bc6 Ra2 50. b5 Rb2 51. a4 1-0

[Event "FIDE WCCC U12 2018"]
[Site "Santiago de Compostela"]
[Date "2018.11.10"]
[Round "6"]
[White "Milikow, Elie"]
[Black "Rostomyan, Mikayel"]
[Result "1-0"]
[ECO "B03"]
[WhiteElo "2173"]
[BlackElo "1565"]
[Annotator "ChessBase"]
[PlyCount "61"]
[EventDate "2018.11.04"]
[EventType "swiss"]
[EventCountry "ESP"]
[SourceTitle "playchess.com"]
[Source "ChessBase"]
[SourceQuality "1"]
[TimeControl "40/5400+30:1800+30"]

1. e4 Nf6 2. e5 Nd5 3. c4 Nb6 4. d4 d6 5. exd6 cxd6 6. Nc3 g6 7. Be3 Bg7 8. Be2 O-O 9. Rc1 Nc6 10. b3 e5 11. Nf3 Bg4 12. dxe5 dxe5 13. Qxd8 Rfxd8 14. O-O f5 15. c5 Nd7 16. Bc4+ Kh8 17. Ng5 Rf8 18. f3 Bh5 19. Nf7+ Rxf7 20. Bxf7 Nd4 21. b4 a5 22. a3 axb4 23. axb4 Ra3 24. Kh1 Nc6 25. Be8 Nf6 26. Bxc6 bxc6 27. h3 f4 28. Bg1 Rb3 29. b5 cxb5 30. c6 Ne8 31. Nd5 1-0

[Event "FIDE WCCC U12 2018"]
[Site "Santiago de Compostela"]
[Date "2018.11.10"]
[Round "6"]
[White "Droin, Augustin"]
[Black "Haack, Kevin"]
[Result "1/2-1/2"]
[ECO "B20"]
[WhiteElo "2155"]
[BlackElo "1911"]
[Annotator "ChessBase"]
[PlyCount "115"]
[EventDate "2018.11.04"]
[EventType "swiss"]
[EventCountry "ESP"]
[SourceTitle "playchess.com"]
[Source "ChessBase"]
[SourceQuality "1"]
[TimeControl "40/5400+30:1800+30"]

1. e4 c5 2. b3 Nc6 3. Bb2 e5 4. Bc4 d6 5. Ne2 g6 6. O-O Bg7 7. f4 Nh6 8. d3 O-O 9. Ng3 exf4 10. Bxg7 Kxg7 11. Rxf4 Qg5 12. Qd2 Be6 13. Bxe6 fxe6 14. Rxf8 Qxd2 15. Nxd2 Rxf8 16. Rf1 Rxf1+ 17. Ngxf1 Nb4 18. Nc4 d5 19. Nd6 b6 20. Nc8 Nxc2 21. Nxa7 Nb4 22. Nc8 Nxd3 23. exd5 exd5 24. Nxb6 Nc1 25. Nxd5 Nxa2 26. Nd2 Kf7 27. Ne4 Ke6 28. Nb6 Nc1 29. Nxc5+ Kd6 30. b4 Kc6 31. Nbd7 Na2 32. Nf6 Nxb4 33. Nce4 Nf7 34. Nxh7 Kd5 35. Nhg5 Nxg5 36. Nxg5 Ke5 37. h3 Kf4 38. Nf7 g5 39. Kh2 Nd3 40. g3+ Kf5 41. Kg2 Nc5 42. Nh6+ Kg6 43. Ng4 Kf5 44. Kf3 Ne6 45. Ne3+ Kg6 46. Kg4 Nd4 47. Nc4 Nc6 48. Kf3 Nd4+ 49. Ke4 Ne2 50. g4 Ng1 51. Ne5+ Kf6 52. Nd7+ Ke6 53. Nf8+ Kf7 54. Kf5 Kxf8 55. Kxg5 Nxh3+ 56. Kf5 Kg7 57. g5 Nxg5 58. Kxg5 1/2-1/2

[Event "FIDE WCCC U12 2018"]
[Site "Santiago de Compostela"]
[Date "2018.11.10"]
[Round "6"]
[White "Tian, Eddy"]
[Black "Zheng, Michael"]
[Result "1-0"]
[ECO "A34"]
[WhiteElo "2151"]
[BlackElo "1970"]
[Annotator "ChessBase"]
[PlyCount "71"]
[EventDate "2018.11.04"]
[EventType "swiss"]
[EventCountry "ESP"]
[SourceTitle "playchess.com"]
[Source "ChessBase"]
[SourceQuality "1"]
[TimeControl "40/5400+30:1800+30"]

1. Nf3 c5 2. c4 Nf6 3. Nc3 d5 4. cxd5 Nxd5 5. e3 Nxc3 6. bxc3 Nc6 7. d4 g6 8. Bc4 Bg7 9. O-O O-O 10. Ba3 cxd4 11. cxd4 Na5 12. Be2 Be6 13. Qa4 Bd5 14. Bxe7 Qxe7 15. Qxa5 Rfd8 16. Rfc1 b6 17. Qb5 h5 18. Nd2 f5 19. Bc4 Qf7 20. Bxd5 Rxd5 21. Qc6 Re8 22. Nc4 Red8 23. Nd2 f4 24. Nf3 fxe3 25. fxe3 Re8 26. Re1 Ra5 27. e4 g5 28. e5 Re6 29. Qc4 Rg6 30. e6 Qe7 31. d5 Rc5 32. Qb3 Kh7 33. Rad1 Qe8 34. d6 Bf6 35. e7 Rc3 36. d7 1-0

[Event "FIDE WCCC U12 2018"]
[Site "Santiago de Compostela"]
[Date "2018.11.10"]
[Round "6"]
[White "Nguyen, Quoc Hy"]
[Black "Ristic, Luka"]
[Result "1-0"]
[ECO "A34"]
[WhiteElo "2117"]
[BlackElo "1897"]
[Annotator "ChessBase"]
[PlyCount "85"]
[EventDate "2018.11.04"]
[EventType "swiss"]
[EventCountry "ESP"]
[SourceTitle "playchess.com"]
[Source "ChessBase"]
[SourceQuality "1"]
[TimeControl "40/5400+30:1800+30"]

1. c4 Nf6 2. Nc3 c5 3. g3 e6 4. Bg2 Be7 5. Nf3 a6 6. O-O O-O 7. d4 cxd4 8. Nxd4 d6 9. b3 Ra7 10. a4 b6 11. a5 bxa5 12. Be3 Rd7 13. Nc6 Nxc6 14. Bxc6 Ng4 15. Bd4 e5 16. Bxd7 Qxd7 17. Bb6 Kh8 18. Nd5 Bb7 19. f3 Nf6 20. e4 Nxd5 21. exd5 g6 22. f4 h5 23. f5 Kg7 24. fxg6 Kxg6 25. Rf2 Qg4 26. Qxg4+ hxg4 27. Bxa5 f5 28. Bd2 Bf6 29. Raf1 e4 30. Be3 Bg5 31. Bxg5 Kxg5 32. Re1 Rc8 33. Ref1 Rf8 34. Rf4 a5 35. Rxe4 fxe4 36. Rxf8 a4 37. bxa4 Ba6 38. Kf2 Bxc4 39. Ke3 Bxd5 40. Rd8 Bc6 41. a5 d5 42. a6 d4+ 43. Kxd4 1-0

[Event "FIDE WCCC U12 2018"]
[Site "Santiago de Compostela"]
[Date "2018.11.10"]
[Round "6"]
[White "Razafindratsima, Timothe"]
[Black "Akhmedinov, Satbek"]
[Result "1-0"]
[ECO "B33"]
[WhiteElo "2092"]
[BlackElo "1856"]
[Annotator "NA"]
[PlyCount "61"]
[EventDate "2018.11.04"]
[EventType "swiss"]
[EventCountry "ESP"]
[SourceTitle "playchess.com"]
[Source "ChessBase"]
[SourceQuality "1"]
[TimeControl "40/5400+30:1800+30"]

1. e4 c5 2. Nf3 Nc6 3. d4 cxd4 4. Nxd4 Nf6 5. Nc3 e5 6. Ndb5 d6 7. Bg5 a6 8. Na3 b5 9. Nd5 Be7 10. Bxf6 Bxf6 11. c4 Nd4 12. cxb5 Bb7 13. Bc4 axb5 14. Bxb5+ Kf8 15. Bc4 Rb8 16. Qd2 Bg5 17. Qc3 Bxd5 18. Bxd5 Qb6 19. Nc4 Qa6 20. b3 g6 21. h4 Bh6 22. g3 Kg7 23. Kf1 Rb5 24. Kg2 f5 25. Nxe5 Rxd5 26. Qc7+ Kf6 27. Qf7+ Kxe5 28. Qxd5+ Kf6 29. Qxd4+ Kf7 30. Qxh8 Bg7 31. Qxh7 1-0

[Event "FIDE WCCC U12 2018"]
[Site "Santiago de Compostela"]
[Date "2018.11.10"]
[Round "6"]
[White "Mekhane, Adam"]
[Black "Nahornyi, Ihor"]
[Result "1/2-1/2"]
[ECO "B43"]
[WhiteElo "2065"]
[BlackElo "1900"]
[Annotator "NA RC"]
[PlyCount "98"]
[EventDate "2018.11.04"]
[EventType "swiss"]
[EventCountry "ESP"]
[SourceTitle "playchess.com"]
[Source "ChessBase"]
[SourceQuality "1"]
[TimeControl "40/5400+30:1800+30"]

1. e4 c5 2. Nf3 e6 3. d4 cxd4 4. Nxd4 a6 5. Nc3 Qc7 6. Bd3 Nf6 7. O-O b5 8. Re1 d6 {[%emt 0:04:03] B43: Sicilian: Kan Variation: 5 Nc3} (8... Bb7 9. Bg5 Nc6 10. Nxc6 Qxc6 11. Qf3 Be7 12. a3 Qc5 13. Be3 Qe5 14. Bf4 Qh5 15. Qe3 Bc5 16. Qd2 O-O {1-0 (60) Radjabov,T (2742)-Artemiev,V (2692) Tbilisi 2017}) 9. a4 b4 10. Na2 e5 11. Nf5 Nc6 12. c3 $146 ({Predecessor:} 12. Bg5 Bxf5 13. exf5 d5 14. c3 Be7 15. cxb4 Nxb4 16. Rc1 {1-0 (57) Kosintseva,N (2524)-Galliamova,A (2465) Moscow 2012}) 12... Bxf5 13. exf5 bxc3 14. Nxc3 h6 15. Bc4 Be7 16. Nd5 Nxd5 17. Bxd5 Rc8 18. Qg4 Bf6 19. Bd2 Qd7 20. Qc4 O-O 21. Qxa6 Nd4 22. Rec1 Rxc1+ 23. Rxc1 Qxf5 24. Be3 e4 25. Qc4 Ne2+ 26. Qxe2 Qxd5 27. b4 Qb3 28. Qc4 Qxa4 29. Qxe4 Re8 30. Qg4 Rb8 31. Rb1 Qc2 32. Rc1 Qa4 33. Bd2 Qb3 34. h3 Qe6 35. Qc4 d5 36. Qc5 d4 37. Bf4 Rb7 38. b5 Qb6 39. Qf5 g6 40. Qc8+ Kg7 41. Qc6 ({Better is} 41. Rb1 $14) 41... g5 42. Bd6 d3 43. Bc5 Qxc6 44. bxc6 d2 45. Rd1 Rc7 46. Rxd2 Rxc6 $11 47. Ba3 Ra6 48. Bb2 Bxb2 49. Rxb2 Kg6 1/2-1/2

[Event "FIDE WCCC U12 2018"]
[Site "Santiago de Compostela"]
[Date "2018.11.10"]
[Round "6"]
[White "Han, Yichen"]
[Black "Nathan, Krishna"]
[Result "1-0"]
[ECO "C12"]
[WhiteElo "2061"]
[BlackElo "1895"]
[Annotator "NA RC"]
[PlyCount "159"]
[EventDate "2018.11.04"]
[EventType "swiss"]
[EventCountry "ESP"]
[SourceTitle "playchess.com"]
[Source "ChessBase"]
[SourceQuality "1"]
[TimeControl "40/5400+30:1800+30"]

1. e4 e6 2. d4 d5 3. Nc3 Nf6 4. Bg5 Bb4 5. e5 h6 6. Bd2 Bxc3 7. bxc3 Ne4 8. Qg4 Kf8 9. Bd3 Nxd2 10. Kxd2 c5 11. h4 Nc6 12. Rh3 c4 13. Be2 Bd7 {[%emt 0:02:00] C12: French: Classical System: McCutcheon Variation} 14. Rg3 Rg8 15. Qf4 b5 16. Bh5 Qe7 17. a3 a5 18. Ne2 {[%emt 0:00:31] [#]} Rh8 $146 ({Predecessor:} 18... Nd8 19. Rf3 Ke8 20. Qg3 Bc6 21. Nf4 Kd7 22. Bg4 b4 23. axb4 axb4 24. Rxa8 Bxa8 25. cxb4 Qxb4+ 26. Rc3 Bc6 27. Nd3 {0-1 (27) Boudre,J (2397)-Bricard,E (2506) Besancon 1999}) 19. Ke1 Kg8 20. Kf1 Rf8 21. Qg4 Rh7 22. Nf4 Be8 23. Qh3 b4 24. axb4 axb4 25. Bd1 f5 26. exf6 Rxf6 27. Ne2 g6 28. Re3 Rhf7 29. f3 Qd6 30. cxb4 Nxb4 31. Qg3 Qxg3 32. Nxg3 Nc6 33. c3 Ra7 34. Rxa7 Nxa7 35. Nh1 Nb5 36. Ba4 Kf8 37. Bxb5 Bxb5 38. Nf2 h5 39. Nh3 Ke7 40. g3 Kd6 41. Nf4 Be8 42. Kg2 Bf7 43. Nh3 Be8 44. g4 hxg4 45. fxg4 Rf8 46. Ng5 Bd7 47. Rf3 Ra8 {[%emt 0:04:11] [#]} 48. Nf7+ $1 Ke7 49. Ne5 Be8 50. Kg3 Ra1 51. Kf4 Kf6 $1 52. Rh3 Rc1 53. Re3 Rh1 54. Nf3 Rf1 55. Kg3 Bd7 $2 (55... Rd1 $14) 56. Ne5 Be8 {[%emt 0:00:57] [#]} 57. Rf3+ $1 Rxf3+ 58. Nxf3 Bf7 59. Ne5 Be8 60. Kf4 Ba4 61. h5 $2 (61. g5+ $18 {is the precise move to win.} Kg7 62. Ng4) 61... g5+ 62. Ke3 Bc2 {[%emt 0:00:28] [#]} ({Better is} 62... Kg7 $14) 63. Kd2 $1 Be4 {[%emt 0:00:35] [#]} 64. Kc1 $1 Kg7 {[%emt 0:01:23] [#]} 65. Kb2 $1 Kf6 66. Ka3 Ke7 67. Kb4 Kf6 68. Kc5 Bd3 69. Kd6 Bh7 70. Nd7+ Kf7 71. Nc5 Bd3 72. Nxe6 Be2 73. Nxg5+ Kf6 74. h6 Bxg4 75. h7 Kg7 76. Kxd5 Be2 77. Kc6 Bd3 78. d5 Bxh7 79. Nxh7 Kxh7 80. d6 1-0

[Event "FIDE WCCC U12 2018"]
[Site "Santiago de Compostela"]
[Date "2018.11.10"]
[Round "6"]
[White "Samadov, Read"]
[Black "Guo, Arthur"]
[Result "1-0"]
[ECO "E11"]
[WhiteElo "2029"]
[BlackElo "2333"]
[Annotator "ChessBase"]
[PlyCount "93"]
[EventDate "2018.11.04"]
[EventType "swiss"]
[EventCountry "ESP"]
[SourceTitle "playchess.com"]
[Source "ChessBase"]
[SourceQuality "1"]
[TimeControl "40/5400+30:1800+30"]

1. d4 Nf6 2. c4 e6 3. Nf3 Bb4+ 4. Nbd2 b6 5. a3 Bxd2+ 6. Qxd2 Bb7 7. e3 d6 8. Be2 O-O 9. b4 Nbd7 10. Bb2 Ne4 11. Qc2 f5 12. d5 e5 13. Nd2 Nxd2 14. Qxd2 Qg5 15. O-O Rae8 16. Rae1 Qg6 17. f4 c6 18. dxc6 Bxc6 19. Bd3 Kh8 20. Qc2 Qg4 21. Qf2 Rf6 22. Be2 Qg6 23. Bf3 Rc8 24. Bxc6 Rxc6 25. Qf3 Rxc4 26. fxe5 dxe5 27. Bxe5 Rf8 28. Bd4 a6 29. Rc1 Qe6 30. Qg3 Rf7 31. h3 f4 32. Rxc4 Qxc4 33. Rxf4 Qc7 34. Qf3 Rxf4 35. Qxf4 Qxf4 36. exf4 Kg8 37. Kf2 Kf7 38. Ke3 g6 39. Ke4 Ke6 40. a4 b5 41. axb5 axb5 42. g4 Nb8 43. f5+ Kd7 44. fxg6 hxg6 45. Kd5 Nc6 46. Bc3 Nd8 47. Kc5 1-0

[Event "FIDE WCCC U12 2018"]
[Site "Santiago de Compostela"]
[Date "2018.11.10"]
[Round "6"]
[White "Park, Evan"]
[Black "Lazavik, Denis"]
[Result "0-1"]
[ECO "C50"]
[WhiteElo "1997"]
[BlackElo "2235"]
[Annotator "ChessBase"]
[PlyCount "76"]
[EventDate "2018.11.04"]
[EventType "swiss"]
[EventCountry "ESP"]
[SourceTitle "playchess.com"]
[Source "ChessBase"]
[SourceQuality "1"]
[TimeControl "40/5400+30:1800+30"]

1. e4 e5 2. Nf3 Nc6 3. Bc4 Bc5 4. O-O Nf6 5. d3 d6 6. c3 a6 7. a4 h6 8. Re1 O-O 9. h3 Be6 10. Bxe6 fxe6 11. d4 exd4 12. cxd4 Ba7 13. Nc3 d5 14. e5 Nd7 15. Be3 Qe7 16. Ne2 Rf5 17. Ng3 Rf7 18. Qd3 Nf8 19. Rad1 Nb4 20. Qb3 c5 21. dxc5 Bxc5 22. Bxc5 Qxc5 23. Rc1 Qa5 24. Rc3 Nc6 25. Rec1 Ng6 26. Rc5 Qd8 27. Qe3 Qd7 28. Ne2 Raf8 29. Ned4 Nge7 30. b4 Nxd4 31. Nxd4 Nf5 32. Nxf5 Rxf5 33. Rc7 Qxa4 34. Rxb7 Rxf2 35. Qb6 Qa3 36. Qxe6+ Kh8 37. Rbc7 Qe3 38. Qg4 R2f4+ 0-1

[Event "FIDE WCCC U12 2018"]
[Site "Santiago de Compostela"]
[Date "2018.11.10"]
[Round "6"]
[White "Hommer, Jeremy"]
[Black "Del Prado Rodriguez, Xulio"]
[Result "1/2-1/2"]
[ECO "A45"]
[WhiteElo "1987"]
[BlackElo "1734"]
[Annotator "NA"]
[PlyCount "82"]
[EventDate "2018.11.04"]
[EventType "swiss"]
[EventCountry "ESP"]
[SourceTitle "playchess.com"]
[Source "ChessBase"]
[SourceQuality "1"]
[TimeControl "40/5400+30:1800+30"]

1. d4 Nf6 2. Bf4 e6 3. e3 c5 4. c3 b6 5. Nd2 Bb7 6. h3 Be7 7. Ngf3 O-O 8. Bd3 cxd4 9. exd4 d6 10. O-O Re8 11. Bh2 a6 12. Re1 Nbd7 13. Nc4 Nf8 14. a4 b5 15. Ncd2 Qd7 16. Ne4 Nxe4 17. Bxe4 Bxe4 18. Rxe4 d5 19. Re3 Ng6 20. Ne5 Nxe5 21. Bxe5 Bd6 22. Qe2 Bxe5 23. Rxe5 bxa4 24. h4 Qb5 25. Qc2 Reb8 26. Re2 Rb6 27. Rxa4 a5 28. h5 Rab8 29. Ra2 h6 30. Rd2 Qc4 31. Qa4 Qxa4 32. Rxa4 Rxb2 33. Rxb2 Rxb2 34. Rxa5 Kf8 35. Ra7 Rc2 36. Rc7 f6 37. g3 Kg8 38. Kg2 Kf8 39. Kf3 Rd2 40. Ke3 Rc2 41. Kf3 Rd2 {[%emt 0:00:28] Ke4} 1/2-1/2

[Event "FIDE WCCC U12 2018"]
[Site "Santiago de Compostela"]
[Date "2018.11.10"]
[Round "6"]
[White "Anghel, Iulian-Mihai"]
[Black "Klimkowski, Jan"]
[Result "1-0"]
[ECO "B90"]
[WhiteElo "1981"]
[BlackElo "1810"]
[Annotator "NA"]
[PlyCount "81"]
[EventDate "2018.11.04"]
[EventType "swiss"]
[EventCountry "ESP"]
[SourceTitle "playchess.com"]
[Source "ChessBase"]
[SourceQuality "1"]
[TimeControl "40/5400+30:1800+30"]

1. e4 c5 2. Nf3 d6 3. d4 cxd4 4. Nxd4 Nf6 5. Nc3 a6 6. Be3 e5 7. Nb3 Be6 8. h3 d5 9. exd5 Nxd5 10. Nxd5 Qxd5 11. Qxd5 Bxd5 12. O-O-O Be6 13. Na5 b5 14. g3 Nd7 15. Bg2 Rd8 16. Nb7 Rc8 17. Nd6+ Bxd6 18. Rxd6 a5 19. Rhd1 Ke7 20. Bc6 Rc7 21. Bxb5 Rhc8 22. c3 Nc5 23. Bxc5 Rxc5 24. a4 Bxh3 25. Ra6 R8c7 26. Rxa5 Bd7 27. Kc2 Bxb5 28. Rxb5 Rxb5 29. axb5 Rc5 30. b4 Rxb5 31. Kb3 Rb7 32. Re1 Ke6 33. c4 f5 34. c5 Rd7 35. Rc1 Rd3+ 36. Kc4 Rd2 37. Kb5 Kd7 38. Kb6 Ra2 39. c6+ Kc8 40. Rd1 e4 41. c7 1-0